 Dungeon Crawl Stone Soup version 0.29.0-4-gdea44cf6ec (webtiles) character file.

Game seed: 8229458510385336445

172325 qw the Severer (level 18, -1/114 HPs)
             Began as a Gargoyle Fighter on Sept 6, 2022.
             Was a High Priest of Okawaru.
             Slain by a merfolk
             ... wielding a +0 trident
              (9 damage)
             ... on level 3 of the Shoals.
             The game lasted 00:15:19 (36680 turns).

qw the Severer (Gargoyle Fighter)                  Turns: 36680, Time: 00:15:20

Health: -1/114     AC: 47    Str: 28    XL:     18   Next: 3%
Magic:  20/25      EV: 10    Int: 10    God:    Okawaru [*****.]
Gold:   774        SH: 25    Dex:  9    Spells: 17/17 levels left

rFire   + + +      SeeInvis +   a - +2 broad axe "Yvajeh" {drain, rF+ Str+3 Dex-3 SInv}
rCold   + . .      Faith    .   y - +0 tower shield
rNeg    + + .      Spirit   .   z - +4 plate armour {rN+}
rPois   inf        Reflect  .   c - +0 helmet of Uneapneu {rF+ Will+++ Str-2 Stlth+}
rElec   +          Harm     .   D - +1 cloak of the Okapi {rPois Slay+3}
rCorr   .          Rampage  .   b - +1 pair of gloves of Sodux {-Cast rPois rF++ Dex+3}
Will    ++++.      NoCast   +   r - +2 pair of boots
Stlth   ..........              (no amulet)
HPRegen 0.29/turn               v - ring of ice
MPRegen 0.19/turn               (no ring)

@: heroic, finesse-ful, flying
A: sickness immunity, AC +13, big wings, negative energy resistance 1,
electricity resistance, torment resistance 1, petrification resistance, large
bone plates 1, mutation resistance 1
a: Renounce Religion, Heroism, Finesse, Duel


You were on level 3 of the Shoals.
You worshipped Okawaru.
Okawaru was extremely pleased with you.
You visited 5 branches of the dungeon, and saw 28 of its levels.
You visited 1 bazaar.

You collected 3168 gold pieces.
You spent 2394 gold pieces at shops.


Innate Abilities, Weirdness & Mutations

You are immune to sickness and miasma.
Your stone body is resilient. (AC +13)
You are immune to poison.
Your large and strong wings let you fly.
You resist negative energy. (rN+)
You are resistant to electric shocks. (rElec)
You are resistant to unholy torment.
You are immune to petrification.
You are partially covered in large bone plates. (SH +4)
You are somewhat resistant to further mutation.


   Skills:
 - Level 13.0(18.0) Fighting
 - Level 18.0(23.0) Axes
 - Level 7.0(12.0) Throwing
 - Level 13.0(18.0) Armour
 - Level 3.5(8.5) Dodging
 + Level 17.7(22.7) Shields
 - Level 10.0 Invocations


You had 17 spell levels left.
You didn't know any spells.
Your spell library was empty.

Inventory:

Hand Weapons
 a - the +2 broad axe "Yvajeh" (weapon) {drain, rF+ Str+3 Dex-3 SInv}
   (Okawaru gifted it to you on level 5 of the Lair of Beasts)

   A truly terrible weapon, it drains the life of any living foe it strikes.
   Str:       It affects your strength (+3).
   Dex:       It affects your dexterity (-3).
   rF:        It protects you from fire.
   SInv:      It lets you see invisible.
 s - a +2 war axe of flaming
Missiles
 o - 25 boomerangs
 u - a silver boomerang (quivered)
 A - 3 silver javelins
Armour
 b - the +1 pair of gloves of Sodux (worn) {-Cast rPois rF++ Dex+3}
   (Okawaru gifted it to you on level 3 of the Lair of Beasts)

   Dex:       It affects your dexterity (+3).
   rF:        It greatly protects you from fire.
   rPois:     It protects you from poison.
   -Cast:     It prevents spellcasting.
 c - the +0 helmet of Uneapneu (worn) {rF+ Will+++ Str-2 Stlth+}
   (You bought it in a shop on level 2 of the Orcish Mines)

   Str:       It affects your strength (-2).
   rF:        It protects you from fire.
   Will:      It greatly increases your willpower.
   Stlth:     It makes you more stealthy.
 q - a +0 helmet
 r - a +2 pair of boots (worn)
 y - a +0 tower shield (worn)
 z - a +4 plate armour of positive energy (worn)
 D - the +1 cloak of the Okapi (worn) {rPois Slay+3}
   (You bought it in a shop on level 2 of the Snake Pit)

   Slay:      It affects your accuracy & damage with ranged weapons and melee
   (+3).
   rPois:     It protects you from poison.
Jewellery
 m - a ring of protection from fire
 v - a ring of ice (left hand)
Wands
 w - a wand of digging (5)
Scrolls
 i - 19 scrolls of identify
 p - 6 scrolls of enchant weapon
 x - 3 scrolls of brand weapon
 B - a scroll of blinking
Potions
 d - 10 potions of might
 f - 2 potions of haste
 h - 3 potions of cancellation
 j - 17 potions of mutation
 k - 6 potions of attraction
 l - 2 potions of curing
 n - a potion of magic
 t - a potion of lignification
 E - a potion of resistance

Dungeon Overview and Level Annotations

Branches:
Dungeon (15/15)            Temple (0/1) D:7            Lair (5/5) D:9
 Shoals (3/4) Lair:3        Snake (3/4) Lair:3        Slime (0/5) Lair:5
    Orc (2/2) D:10            Elf (0/3) Orc:2        Vaults (0/5) D:13
 Depths (0/4) D:15

Altars:
Ashenzari
Cheibriados
Dithmenos
Elyvilon
Gozag
Kikubaaqudgha
Makhleb
Nemelex Xobeh
Okawaru
Ru
Sif Muna
Trog
Uskayaw
Yredelemnul
The Shining One
Lugonu

Shops:
D:6 [   Orc:1 *   Orc:2 :([[?   Shoals:1 [   Shoals:2 *   Snake:1 :
Snake:2 **?

Portals:
Abyss: Lair:5

Annotations:
D:11 2 transporters, qw's ghost, journeyman MiFi
Orc:1 3 runed translucent doors, Dienlag's ghost, novice OpMo


Message History

Your surroundings suddenly seem different.
Found a scroll of identify and a wand of light (5).
Enter note: You start resting.
A faun comes into view. It is wielding a +0 club.
36669 ||| READING scroll of teleportation.
As you read the scroll of teleportation, it crumbles to dust.
You feel strangely unstable.
The sentinel's mark upon you fades away.
The faun unwields a +0 club.
The faun wields a +0 sling.
The faun shoots a sling bullet.
You block the sling bullet.
The faun shoots a sling bullet.
You block the sling bullet.
The faun unwields a +0 sling.
The faun wields a +0 club.
You block the faun's attack.
You cut the faun into ribbons!!! You drain the faun!
You kill the faun!
Okawaru accepts your kill.
You start resting.
Your surroundings suddenly seem different.
Found 2 stones.
Enter note:
Enter note:
Enter note: You start resting.
A merfolk is nearby!
The merfolk shouts!
The merfolk javelineer shouts!
The merfolk shouts!
The merfolk javelineer throws a silver javelin.
The silver javelin pierces through you but does no damage.
The silver sears you!
The merfolk javelineer shouts!
The merfolk javelineer throws a silver javelin.
The silver javelin pierces through you but does no damage.
The silver sears you! You block the merfolk's attack.
You feel like a meek peon again.
The merfolk siren shouts!
36680 ||| INVOKING Heroism.
You gain the combat prowess of a mighty hero.
The merfolk hits you but does no damage.
The merfolk hits you with a +0 trident!
You die...

...~~~~~~~~~~~mm
...........~~~~~~~~~~~m~
..~.........mH~~~~~~~~~~
..~.~~.....~m~~~~~~~~~~~
.....~.....m~~~~~~~~~~~~
#...~~~~.m~H~~ ~~~~~~~
...##..~~mmmm..~~
~~~~~~~
........~~~.......
~~~~~~~ .
./.....~~~m@..~....
~~~~~~~ .
..~~~~~~~~~~...~~~~
~~~~~~~ ..
##.~~~~~~~~~....~~~~
~~~~~
?.###..~~~~~~~~~.~~~~~~~
~~~~~
..)...~~~~~~~~~~~~~~~~~~
~....~~~~~~~~~~~~...~~~~
~~~~~~~~~~~~~~~~~~...~~~
~~~~~~~~~~~....~........
~~~~~~~~~~.....~........


You could see a merfolk avatar, a merfolk impaler, 2 merfolk javelineers, 4
merfolk, 2 manticores and a merfolk siren.

Vanquished Creatures
  Saint Roka (Orc:2)
  Jorgrun (D:15)
  Rupert (D:12)
  3 krakens
  Agnes (Snake:3)
  Kirke (Snake:1)
  Donald (Snake:1)
  Frances (D:14)
  Louise (D:15)
  Aizul (Snake:3)
  An ironbound preserver (D:13)
  3 merfolk impalers
  A great orb of eyes (D:15)
  2 rakshasas (D:15)
  2 ogre magi
  A catoblepas (Lair:4)
  4 boulder beetles
  7 centaur warriors
  9 anacondas
  9 two-headed ogres
  6 hydras
  7 naga warriors
  3 tengu warriors
  2 merfolk avatars (Shoals:2)
  A merfolk aquamancer (Shoals:2)
  4 death yaks
  3 thrashing horrors (Lair:5)
  4 orc high priests (Orc:2)
  4 naga sharpshooters
  A shock serpent (Snake:2)
  Amaemon (D:9)
  14 skeletal warriors
  A salamander mystic (Snake:3)
  18 sea snakes
  2 naga ritualists
  4 harpies (Shoals:2)
  Pikel (D:6)
  A lindwurm (Lair:4)
  5 deep elf pyromancers
  2 orc knights (Orc:2)
  An orc sorcerer (Orc:2)
  A manticore (shapeshifter) (Lair:5)
  9 salamanders
  3 mana vipers
  A salamander (shapeshifter) (Lair:5)
  18 ugly things
  13 manticores
  12 fauns
  6 cyclopes
  10 merfolk sirens
  A guardian serpent (Snake:1)
  14 black mambas
  An ice statue (D:11)
  10 elephants (Lair:5)
  A water nymph (shapeshifter) (D:15)
  A torpor snail (Lair:2)
  14 cane toads
  2 smoke demons (Lair:5)
  13 naga magi
  An orange demon (D:9)
  A water nymph (Shoals:1)
  Psyche (D:9)
  3 gargoyles
  3 rime drakes
  4 kobold demonologists
  3 komodo dragons
  2 tengu conjurers
  An efreet (D:13)
  An ancient zyme (Lair:5)
  9 merfolk
  4 wind drakes
  A hornet (Lair:4)
  7 trolls
  A tarantella (shapeshifter) (D:15)
  5 snapping turtles
  4 dream sheep (Lair:2)
  24 blink frogs
  11 slime creatures
  A shadow (D:13)
  3 water elementals (Shoals:2)
  A ynoxinul (Lair:5)
  Sigmund (D:3)
  3 spriggans (Lair:5)
  3 wyverns
  3 vampires
  2 large abominations (Lair:5)
  A wraith (D:12)
  3 hogs (Snake:1)
  49 yaks
  A basilisk (shapeshifter) (D:15)
  9 vampire mosquitoes
  10 basilisks
  2 chaos spawn (Lair:5)
  2 steam dragons
  3 wargs (Orc:1)
  Menkaure (D:6)
  21 nagas
  An acid dragon (D:13)
  Duvessa (D:6)
  13 water moccasins
  An ice beast (D:6)
  34 orc warriors
  4 black bears
  5 boggarts (D:11)
  4 wolves (Lair:4)
  5 ogres
  8 centaurs
  4 lemures (D:6)
  A kobold brigand (D:6)
  14 bullfrogs
  2 gnoll sergeants
  A scorpion (D:5)
  5 necrophages (Lair:2)
  8 wights
  7 small abominations (Lair:5)
  Dowan (D:6)
  5 killer bees (D:9)
  4 electric eels
  3 howler monkeys
  A jelly (D:7)
  2 gnoll boudas (D:7)
  5 hounds
  22 orc priests
  2 hell rats (D:9)
  6 iguanas
  Natasha (twice) (D:2)
  30 orc wizards
  6 adders
  18 gnolls
  3 river rats (D:9)
  14 white imps
  An ufetubus (D:6)
  3 worms
  3 dart slugs
  117 orcs
  9 ball pythons
  6 bats
  6 endoplasms
  7 giant cockroaches
  4 goblins
  2 hobgoblins
  2 jackals (D:5)
  5 quokkas
  2 frilled lizards (D:1)
  13 kobolds
  6 rats
  A butterfly (Lair:4)
  6 tentacles
906 creatures vanquished.

Vanquished Creatures (others)
  A wizard (D:5)
  18 fungi
  124 plants
  12 tentacles
155 creatures vanquished.

Grand Total: 1061 creatures vanquished

Notes
Turn   | Place    | Note
-------+----------+-------------------------------------------
     0 | D:1      | qw the Gargoyle Fighter began the quest for the Orb.
     0 | D:1      | Reached XP level 1. HP: 14/14 MP: 1/1
     0 | D:1      | 0 ||| qw: Version: 0.1-a-107-g9ff403c
     0 | D:1      | 0 ||| qw: Game counter: 6138
     0 | D:1      | 0 ||| qw: Always use a shield: true
     0 | D:1      | 0 ||| qw: God list: Okawaru
     0 | D:1      | 0 ||| qw: Allow faded altars: false
     0 | D:1      | 0 ||| qw: Do Orc after D:15 true
     0 | D:1      | 0 ||| qw: Do second Lair branch before Depths: true
     0 | D:1      | 0 ||| qw: Lair rune preference: random
     0 | D:1      | 0 ||| qw: Plans: Normal, Zot, God:TSO, Crypt, Tomb, Zig,
                  | Orb
     0 | D:1      | 0 ||| PLANNING D:1-11
    19 | D:1      | Reached skill level 2 in Axes
    55 | D:1      | Reached XP level 2. HP: 19/19 MP: 2/2
   158 | D:1      | 158 ||| Stepping ~*~*~tactically~*~*~ (stealth).
   251 | D:1      | 251 ||| DROPPING +0 club.
   311 | D:1      | Reached skill level 3 in Axes
   363 | D:1      | Reached XP level 3. HP: 23/23 MP: 3/3
   510 | D:1      | 510 ||| Stepping ~*~*~tactically~*~*~ (stealth).
   775 | D:1      | 775 ||| READING scroll labelled SYTAEG FATOTE.
   776 | D:1      | 776 ||| READING scroll labelled TARIOB FIUMOI.
   777 | D:1      | 777 ||| READING 2 scrolls labelled GIZXADE EMUIS.
   778 | D:1      | 778 ||| READING scroll labelled LOWAXE XUSCHI.
   779 | D:1      | 779 ||| DRINKING 2 black potions.
   814 | D:2      | 814 ||| STAIRDANCE
   880 | D:2      | 880 ||| Stepping ~*~*~tactically~*~*~ (hiding).
   905 | D:2      | 905 ||| Stepping ~*~*~tactically~*~*~ (stealth).
  1215 | D:2      | Found a faded altar of an unknown god.
  1292 | D:2      | Noticed Natasha
  1293 | D:2      | 1293 ||| Stepping ~*~*~tactically~*~*~ (hiding).
  1297 | D:2      | Killed Natasha
  1298 | D:2      | Reached skill level 4 in Axes
  1298 | D:2      | Reached XP level 4. HP: 20/28 MP: 4/4
  1487 | D:2      | Noticed Natasha
  1495 | D:2      | 1495 ||| Stepping ~*~*~tactically~*~*~ (hiding).
  1504 | D:2      | Killed Natasha
  1758 | D:2      | 1758 ||| READING scroll labelled FEFARI IZUA.
  1759 | D:2      | 1759 ||| READING scroll labelled DABOSA POC QUM.
  1760 | D:2      | 1760 ||| READING 2 scrolls of identify.
  1760 | D:2      | 1760 ||| IDENTIFYING fizzy inky potion
  1761 | D:2      | 1761 ||| DROPPING potion of degeneration.
  2011 | D:3      | 2011 ||| Stepping ~*~*~tactically~*~*~ (hiding).
  2014 | D:3      | 2014 ||| Stepping ~*~*~tactically~*~*~ (hiding).
  2142 | D:3      | Reached XP level 5. HP: 30/32 MP: 5/5
  2172 | D:3      | Found a white marble altar of Elyvilon.
  2366 | D:3      | Found an opulent altar of Gozag.
  2616 | D:3      | 2616 ||| Stepping ~*~*~tactically~*~*~ (hiding).
  2685 | D:3      | 2685 ||| READING scroll labelled LUTOIF BEUZA.
  2690 | D:3      | 2690 ||| DRINKING 2 orange potions.
  2691 | D:3      | 2691 ||| DRINKING 2 green potions.
  2692 | D:3      | 2692 ||| READING 2 scrolls of identify.
  2692 | D:3      | 2692 ||| IDENTIFYING fizzy ruby potion
  2693 | D:3      | 2693 ||| DROPPING potion of invisibility.
  2733 | D:4      | Noticed Sigmund
  2748 | D:4      | 2748 ||| FLEEEEING.
  2749 | D:4      | 2749 ||| FLEEEEING.
  2750 | D:4      | 2750 ||| FLEEEEING.
  2751 | D:4      | 2751 ||| DRINKING potion of curing.
  2751 | D:4      | 2751 ||| (to cure confusion)
  2752 | D:4      | 2752 ||| FLEEEEING.
  2753 | D:4      | 2753 ||| FLEEEEING.
  2754 | D:4      | 2754 ||| FLEEEEING.
  2755 | D:4      | 2755 ||| FLEEEEING.
  2756 | D:4      | 2756 ||| FLEEEEING.
  2758 | D:4      | 2758 ||| STAIRDANCE
  2803 | D:4      | 2803 ||| STAIRDANCE
  2810 | D:3      | HP: 8/32 [Sigmund/+0 scythe (6)]
  2811 | D:3      | 2811 ||| DRINKING 2 potions of heal wounds.
  2812 | D:3      | Killed Sigmund
  2813 | D:3      | Reached skill level 5 in Axes
  2813 | D:3      | Reached XP level 6. HP: 35/37 MP: 6/6
  2829 | D:3      | 2829 ||| DRINKING 2 fizzy black potions.
  2829 | D:3      | Gained mutation: You are partially covered in large bone
                  | plates. (SH +4) [potion of mutation]
  2829 | D:3      | Gained mutation: You are somewhat resistant to further
                  | mutation. [potion of mutation]
  2923 | D:4      | Found a sacrificial altar of Ru.
  2923 | D:4      | Found an iron altar of Okawaru.
  2924 | D:4      | Found a snail-covered altar of Cheibriados.
  2931 | D:4      | Became a worshipper of Warmaster Okawaru
  3091 | D:4      | 3091 ||| Stepping ~*~*~tactically~*~*~ (stealth).
  3092 | D:4      | 3092 ||| Stepping ~*~*~tactically~*~*~ (stealth).
  3093 | D:4      | 3093 ||| Stepping ~*~*~tactically~*~*~ (stealth).
  3097 | D:4      | 3097 ||| Stepping ~*~*~tactically~*~*~ (stealth).
  3160 | D:4      | 3160 ||| Stepping ~*~*~tactically~*~*~ (stealth).
  3238 | D:4      | Found a broken altar of Ashenzari.
  3483 | D:4      | Reached skill level 1 in Dodging
  3499 | D:4      | Reached skill level 6 in Axes
  3670 | D:4      | Found a shimmering blue altar of Sif Muna.
  3752 | D:4      | 3752 ||| UPGRADING to ring of protection from fire.
  3753 | D:4      | 3753 ||| READING scroll labelled PAL YDUDUECEO.
  3754 | D:4      | 3754 ||| READING 3 scrolls of identify.
  3754 | D:4      | 3754 ||| IDENTIFYING clear potion
  3755 | D:4      | 3755 ||| READING 2 scrolls of identify.
  3755 | D:4      | 3755 ||| IDENTIFYING murky clear potion
  3756 | D:4      | 3756 ||| DROPPING potion of brilliance.
  3780 | D:5      | Entered Level 5 of the Dungeon
  3786 | D:5      | 3786 ||| STAIRDANCE
  3790 | D:4      | Reached XP level 7. HP: 43/43 MP: 7/7
  3792 | D:5      | 3792 ||| STAIRDANCE
  3853 | D:5      | 3853 ||| STAIRDANCE
  3911 | D:5      | 3911 ||| Stepping ~*~*~tactically~*~*~ (stealth).
  4007 | D:5      | 4007 ||| DROPPING +0 flail.
  4008 | D:5      | 4008 ||| DROPPING +0 whip.
  4011 | D:5      | Found a sparkling altar of Nemelex Xobeh.
  4145 | D:5      | You fall into a shaft and drop 3 floors!
  4146 | D:8      | 4146 ||| UPGRADING to +0 chain mail.
  4156 | D:8      | 4156 ||| DROPPING +0 scale mail.
  4157 | D:8      | 4157 ||| READING scroll labelled OBBAKEISUTT.
  4258 | D:8      | 4258 ||| DRINKING 3 puce potions.
  4259 | D:8      | 4259 ||| READING 3 scrolls of identify.
  4259 | D:8      | 4259 ||| IDENTIFYING metallic purple potion
  4260 | D:8      | 4260 ||| DROPPING 2 potions of flight.
  4286 | D:7      | Reached * piety under Okawaru
  4287 | D:7      | Reached skill level 7 in Axes
  4287 | D:7      | 4287 ||| INVOKING Heroism.
  4439 | D:7      | Found a staircase to the Ecumenical Temple.
  4486 | D:7      | 4486 ||| Stepping ~*~*~tactically~*~*~ (hiding).
  4493 | D:7      | 4493 ||| INVOKING Heroism.
  4494 | D:7      | 4494 ||| Stepping ~*~*~tactically~*~*~ (stealth).
  4499 | D:7      | 4499 ||| Stepping ~*~*~tactically~*~*~ (stealth).
  4504 | D:7      | 4504 ||| INVOKING Heroism.
  4505 | D:7      | 4505 ||| INVOKING Heroism.
  4745 | D:7      | 4745 ||| INVOKING Heroism.
  4746 | D:7      | 4746 ||| INVOKING Heroism.
  4753 | D:7      | Reached skill level 1 in Throwing
  4753 | D:7      | Reached skill level 1 in Invocations
  4753 | D:7      | Reached XP level 8. HP: 49/49 MP: 5/9
  4864 | D:7      | 4864 ||| INVOKING Heroism.
  5001 | D:7      | 5001 ||| UPGRADING to +0 plate armour.
  5011 | D:7      | 5011 ||| UPGRADING to +0 pair of gloves.
  5016 | D:7      | 5016 ||| DROPPING +0 chain mail.
  5017 | D:7      | 5017 ||| READING scroll of enchant armour.
  5017 | D:7      | 5017 ||| ENCHANTING +0 pair of gloves.
  5018 | D:7      | 5018 ||| READING scroll labelled WELUIC FEQYFA.
  5024 | D:6      | 5024 ||| INVOKING Heroism.
  5052 | D:6      | Reached skill level 3 in Invocations
  5362 | D:5      | Found a bloodstained altar of Trog.
  5365 | D:5      | Noticed a wizard
  5370 | D:5      | Killed a wizard
  5405 | D:5      | 5405 ||| Stepping ~*~*~tactically~*~*~ (hiding).
  5407 | D:5      | 5407 ||| INVOKING Heroism.
  5409 | D:5      | 5409 ||| DRINKING 3 potions of curing.
  5409 | D:5      | 5409 ||| (to cure confusion)
  5433 | D:5      | 5433 ||| INVOKING Heroism.
  5595 | D:5      | 5595 ||| INVOKING Heroism.
  5792 | D:5      | 5792 ||| UPGRADING to +0 pair of boots.
  5797 | D:5      | 5797 ||| READING scroll labelled JIZXASCH ZUKKUPT.
  5798 | D:5      | 5798 ||| READING 2 scrolls of identify.
  5798 | D:5      | 5798 ||| IDENTIFYING metallic clear potion
  5799 | D:5      | 5799 ||| DROPPING potion of berserk rage.
  5886 | D:6      | Noticed Menkaure
  5887 | D:6      | 5887 ||| Stepping ~*~*~tactically~*~*~ (hiding).
  5890 | D:6      | 5890 ||| INVOKING Heroism.
  5895 | D:6      | Killed Menkaure
  6057 | D:6      | Noticed Duvessa
  6058 | D:6      | 6058 ||| INVOKING Heroism.
  6059 | D:6      | Noticed Dowan
  6062 | D:6      | 6062 ||| Stepping ~*~*~tactically~*~*~ (hiding).
  6063 | D:6      | 6063 ||| Stepping ~*~*~tactically~*~*~ (hiding).
  6078 | D:6      | Killed Dowan
  6079 | D:6      | Reached skill level 8 in Axes
  6079 | D:6      | Killed Duvessa
  6224 | D:6      | 6224 ||| READING scroll of enchant armour.
  6224 | D:6      | 6224 ||| ENCHANTING +1 pair of gloves.
  6364 | D:6      | 6364 ||| INVOKING Heroism.
  6372 | D:6      | Reached XP level 9. HP: 54/54 MP: 9/12
  6372 | D:6      | 6372 ||| Stepping ~*~*~tactically~*~*~ (stealth).
  6377 | D:6      | Reached ** piety under Okawaru
  6378 | D:6      | Reached skill level 6 in Fighting
  6380 | D:6      | 6380 ||| Stepping ~*~*~tactically~*~*~ (stealth).
  6404 | D:6      | 6404 ||| DRINKING 2 potions of curing.
  6404 | D:6      | 6404 ||| (to cure confusion)
  6405 | D:6      | 6405 ||| Stepping ~*~*~tactically~*~*~ (hiding).
  6474 | D:6      | 6474 ||| INVOKING Heroism.
  6538 | D:6      | Found Oshregry's Armour Boutique.
  6590 | D:6      | Noticed Pikel
  6591 | D:6      | 6591 ||| INVOKING Heroism.
  6599 | D:6      | 6599 ||| Stepping ~*~*~tactically~*~*~ (stealth).
  6603 | D:6      | 6603 ||| Stepping ~*~*~tactically~*~*~ (stealth).
  6606 | D:6      | 6606 ||| Stepping ~*~*~tactically~*~*~ (stealth).
  6607 | D:6      | 6607 ||| INVOKING Heroism.
  6630 | D:6      | Killed Pikel
  6631 | D:6      | Reached skill level 9 in Axes
  7067 | D:7      | 7067 ||| Stepping ~*~*~tactically~*~*~ (hiding).
  7069 | D:7      | 7069 ||| Stepping ~*~*~tactically~*~*~ (hiding).
  7072 | D:7      | 7072 ||| Stepping ~*~*~tactically~*~*~ (hiding).
  7074 | D:7      | 7074 ||| INVOKING Heroism.
  7075 | D:7      | Found a shadowy altar of Dithmenos.
  7093 | D:7      | 7093 ||| Stepping ~*~*~tactically~*~*~ (hiding).
  7095 | D:7      | 7095 ||| INVOKING Heroism.
  7096 | D:7      | 7096 ||| Stepping ~*~*~tactically~*~*~ (hiding).
  7296 | D:7      | Found a glowing golden altar of the Shining One.
  7298 | D:7      | Noticed an angel
  7326 | D:7      | 7326 ||| Stepping ~*~*~tactically~*~*~ (stealth).
  7328 | D:7      | 7328 ||| Stepping ~*~*~tactically~*~*~ (hiding).
  7330 | D:7      | Reached *** piety under Okawaru
  7335 | D:7      | 7335 ||| DRINKING potion of curing.
  7335 | D:7      | 7335 ||| (to cure confusion)
  7336 | D:7      | 7336 ||| INVOKING Heroism.
  7407 | D:7      | Found a basalt altar of Yredelemnul.
  7535 | D:8      | 7535 ||| FLEEEEING.
  7538 | D:8      | 7538 ||| FLEEEEING.
  7539 | D:8      | 7539 ||| FLEEEEING.
  7540 | D:8      | 7540 ||| FLEEEEING.
  7541 | D:8      | 7541 ||| FLEEEEING.
  7542 | D:8      | 7542 ||| FLEEEEING.
  7543 | D:8      | 7543 ||| FLEEEEING.
  7544 | D:8      | 7544 ||| FLEEEEING.
  7547 | D:8      | 7547 ||| STAIRDANCE
  7651 | D:8      | 7651 ||| STAIRDANCE
  7661 | D:7      | 7661 ||| SWAPPING to +3 war axe.
  7662 | D:7      | 7662 ||| DROPPING +0 war axe.
  7666 | D:8      | 7666 ||| STAIRDANCE
  7668 | D:7      | 7668 ||| INVOKING Heroism.
  7670 | D:7      | Reached skill level 6 in Armour
  7843 | D:8      | 7843 ||| STAIRDANCE
  7845 | D:7      | 7845 ||| INVOKING Heroism.
  7848 | D:7      | HP: 12/56 [wight/+5 great sword (14)]
  7849 | D:7      | 7849 ||| READING 4 scrolls of teleportation.
  7850 | D:7      | 7850 ||| DRINKING 3 potions of heal wounds.
  7853 | D:7      | Reached XP level 10. HP: 48/63 MP: 11/13
  7960 | D:8      | 7960 ||| STAIRDANCE
  7967 | D:8      | 7967 ||| STAIRDANCE
  7979 | D:8      | 7979 ||| STAIRDANCE
  7987 | D:8      | 7987 ||| STAIRDANCE
  8004 | D:8      | 8004 ||| Stepping ~*~*~tactically~*~*~ (stealth).
  8012 | D:8      | Reached skill level 10 in Axes
  8116 | D:8      | 8116 ||| Stepping ~*~*~tactically~*~*~ (stealth).
  8118 | D:8      | 8118 ||| Stepping ~*~*~tactically~*~*~ (hiding).
  8121 | D:8      | 8121 ||| Stepping ~*~*~tactically~*~*~ (hiding).
  8166 | D:8      | 8166 ||| Stepping ~*~*~tactically~*~*~ (stealth).
  8167 | D:8      | 8167 ||| Stepping ~*~*~tactically~*~*~ (stealth).
  8279 | D:8      | Found a hide-covered altar of Uskayaw.
  8619 | D:9      | 8619 ||| Stepping ~*~*~tactically~*~*~ (hiding).
  8644 | D:9      | 8644 ||| Stepping ~*~*~tactically~*~*~ (stealth).
  8655 | D:9      | Found a staircase to the Lair.
  8656 | D:9      | Noticed a death yak
  8657 | D:9      | 8657 ||| INVOKING Heroism.
  8657 | D:9      | Noticed a death yak
  8658 | D:9      | Noticed a death yak
  8670 | D:9      | HP: 13/64 [death yak (7)]
  8671 | D:9      | 8671 ||| READING 3 scrolls of teleportation.
  8672 | D:9      | 8672 ||| DRINKING 2 potions of heal wounds.
  8673 | D:9      | 8673 ||| INVOKING Heroism.
  8674 | D:9      | Killed a death yak
  8852 | D:9      | 8852 ||| Stepping ~*~*~tactically~*~*~ (stealth).
  8867 | D:9      | Reached **** piety under Okawaru
  8990 | D:9      | Noticed an orange demon
  8991 | D:9      | 8991 ||| Stepping ~*~*~tactically~*~*~ (hiding).
  8992 | D:9      | 8992 ||| Stepping ~*~*~tactically~*~*~ (hiding).
  8993 | D:9      | 8993 ||| Stepping ~*~*~tactically~*~*~ (hiding).
  8994 | D:9      | Noticed Amaemon
  8995 | D:9      | 8995 ||| INVOKING Heroism.
  8999 | D:9      | Noticed Psyche
  9000 | D:9      | Killed an orange demon
  9010 | D:9      | Killed Amaemon
  9010 | D:9      | Received a gift from Okawaru
  9013 | D:9      | 9013 ||| INVOKING Heroism.
  9015 | D:9      | Killed Psyche
  9044 | D:9      | 9044 ||| DROPPING +2 flail of protection.
  9153 | D:9      | 9153 ||| INVOKING Heroism.
  9172 | D:9      | Killed a death yak
  9173 | D:9      | Reached skill level 6 in Invocations
  9173 | D:9      | Reached XP level 11. HP: 28/68 MP: 15/15
  9179 | D:9      | Killed a death yak
  9179 | D:9      | Reached ***** piety under Okawaru
  9180 | D:9      | Reached skill level 11 in Axes
  9222 | D:9      | 9222 ||| FLEEEEING.
  9224 | D:9      | 9224 ||| FLEEEEING.
  9225 | D:9      | 9225 ||| FLEEEEING.
  9226 | D:9      | 9226 ||| FLEEEEING.
  9227 | D:9      | 9227 ||| FLEEEEING.
  9228 | D:9      | 9228 ||| FLEEEEING.
  9229 | D:9      | 9229 ||| FLEEEEING.
  9230 | D:9      | 9230 ||| FLEEEEING.
  9231 | D:9      | 9231 ||| FLEEEEING.
  9233 | D:9      | 9233 ||| FLEEEEING.
  9234 | D:9      | 9234 ||| FLEEEEING.
  9235 | D:9      | 9235 ||| FLEEEEING.
  9236 | D:9      | 9236 ||| FLEEEEING.
  9237 | D:9      | 9237 ||| FLEEEEING.
  9238 | D:9      | 9238 ||| FLEEEEING.
  9239 | D:9      | 9239 ||| FLEEEEING.
  9240 | D:9      | 9240 ||| FLEEEEING.
  9241 | D:9      | 9241 ||| FLEEEEING.
  9242 | D:9      | 9242 ||| STAIRDANCE
  9395 | D:8      | 9395 ||| DROPPING +2 pair of gloves.
  9396 | D:8      | 9396 ||| READING 3 scrolls of identify.
  9396 | D:8      | 9396 ||| IDENTIFYING golden potion
  9477 | D:9      | 9477 ||| Stepping ~*~*~tactically~*~*~ (hiding).
  9534 | D:9      | Noticed a centaur warrior
  9535 | D:9      | 9535 ||| Stepping ~*~*~tactically~*~*~ (hiding).
  9543 | D:9      | Killed a centaur warrior
  9601 | D:9      | Noticed a deep elf pyromancer
  9615 | D:9      | Killed a deep elf pyromancer
  9692 | D:9      | 9692 ||| INVOKING Heroism.
  9752 | D:9      | 9752 ||| Stepping ~*~*~tactically~*~*~ (hiding).
  9793 | D:9      | Reached skill level 9 in Fighting
  9795 | D:9      | 9795 ||| Stepping ~*~*~tactically~*~*~ (stealth).
  9798 | D:9      | 9798 ||| INVOKING Heroism.
  9830 | D:9      | 9830 ||| SWAPPING to +5 war axe.
  9831 | D:9      | 9831 ||| DROPPING +3 war axe.
 10202 | D:9      | 10202 ||| PLANNING LAIR
 10202 | D:9      | 10202 ||| READING scroll labelled BUWKIW VICWUCU.
 10203 | D:9      | 10203 ||| READING scroll labelled QEWUPP ENTAJU.
 10204 | D:9      | 10204 ||| READING scroll labelled QAFE COHEJ.
 10273 | D:9      | 10273 ||| READING 3 scrolls of identify.
 10273 | D:9      | 10273 ||| IDENTIFYING yellow potion
 10274 | D:9      | 10274 ||| DROPPING potion of ambrosia.
 10300 | Lair:1   | Entered Level 1 of the Lair of Beasts
 10307 | Lair:1   | 10307 ||| INVOKING Heroism.
 10384 | Lair:1   | 10384 ||| Stepping ~*~*~tactically~*~*~ (stealth).
 10389 | Lair:1   | 10389 ||| INVOKING Heroism.
 10623 | Lair:1   | 10623 ||| Stepping ~*~*~tactically~*~*~ (stealth).
 10625 | Lair:1   | 10625 ||| Stepping ~*~*~tactically~*~*~ (stealth).
 10626 | Lair:1   | 10626 ||| INVOKING Heroism.
 10639 | Lair:1   | Reached skill level 9 in Invocations
 10641 | Lair:1   | Identified the +8 war axe "Qeydd" {pain, Str+3 Stlth+}
                  | (Okawaru gifted it to you on level 1 of the Lair of Beasts)
 10641 | Lair:1   | Received a gift from Okawaru
 10644 | Lair:1   | 10644 ||| SWAPPING to +8 war axe "Qeydd" {pain, Str+3
                  | Stlth+}.
 10645 | Lair:1   | 10645 ||| DROPPING +5 war axe.
 10688 | Lair:1   | 10688 ||| INVOKING Heroism.
 10836 | Lair:1   | 10836 ||| INVOKING Heroism.
 10837 | Lair:1   | 10837 ||| Stepping ~*~*~tactically~*~*~ (stealth).
 10839 | Lair:1   | 10839 ||| Stepping ~*~*~tactically~*~*~ (stealth).
 10862 | Lair:1   | 10862 ||| INVOKING Heroism.
 10932 | Lair:1   | 10932 ||| Stepping ~*~*~tactically~*~*~ (hiding).
 10938 | Lair:1   | 10938 ||| INVOKING Heroism.
 11161 | Lair:1   | 11161 ||| INVOKING Heroism.
 11166 | Lair:1   | Reached XP level 12. HP: 70/76 MP: 16/19
 11503 | Lair:1   | 11503 ||| READING scroll labelled LEROTO BEMM.
 11504 | Lair:1   | 11504 ||| READING scroll labelled YWOETU GEHU.
 11536 | Lair:2   | 11536 ||| STAIRDANCE
 11584 | Lair:2   | 11584 ||| Stepping ~*~*~tactically~*~*~ (hiding).
 11585 | Lair:2   | 11585 ||| Stepping ~*~*~tactically~*~*~ (hiding).
 11586 | Lair:2   | 11586 ||| Stepping ~*~*~tactically~*~*~ (hiding).
 11589 | Lair:2   | 11589 ||| INVOKING Heroism.
 11600 | Lair:2   | Reached skill level 12 in Axes
 11600 | Lair:2   | 11600 ||| FLEEEEING.
 11601 | Lair:2   | 11601 ||| FLEEEEING.
 11602 | Lair:2   | 11602 ||| FLEEEEING.
 11603 | Lair:2   | 11603 ||| FLEEEEING.
 11604 | Lair:2   | 11604 ||| FLEEEEING.
 11605 | Lair:2   | 11605 ||| FLEEEEING.
 11606 | Lair:2   | 11606 ||| FLEEEEING.
 11607 | Lair:2   | 11607 ||| FLEEEEING.
 11608 | Lair:2   | 11608 ||| FLEEEEING.
 11609 | Lair:2   | 11609 ||| FLEEEEING.
 11610 | Lair:2   | 11610 ||| FLEEEEING.
 11611 | Lair:2   | 11611 ||| FLEEEEING.
 11612 | Lair:2   | 11612 ||| STAIRDANCE
 11803 | Lair:2   | 11803 ||| STAIRDANCE
 11805 | Lair:1   | 11805 ||| INVOKING Heroism.
 11896 | Lair:2   | Reached skill level 6 in Shields
 11920 | Lair:2   | Noticed a boulder beetle
 11920 | Lair:2   | 11920 ||| INVOKING Heroism.
 11921 | Lair:2   | 11921 ||| INVOKING Finesse.
 11932 | Lair:2   | Killed a boulder beetle
 12097 | Lair:2   | 12097 ||| INVOKING Heroism.
 12432 | Lair:2   | 12432 ||| Stepping ~*~*~tactically~*~*~ (stealth).
 12433 | Lair:2   | 12433 ||| INVOKING Heroism.
 12447 | Lair:2   | Reached skill level 9 in Armour
 12863 | Lair:3   | Noticed a four-headed hydra
 12864 | Lair:3   | 12864 ||| Stepping ~*~*~tactically~*~*~ (stealth).
 12866 | Lair:3   | 12866 ||| INVOKING Heroism.
 12867 | Lair:3   | 12867 ||| INVOKING Finesse.
 12868 | Lair:3   | 12868 ||| SWAPPING to -1 demon whip of venom.
 12874 | Lair:3   | Killed a four-headed hydra
 12874 | Lair:3   | Identified the +1 pair of gloves of Sodux {-Cast rPois rF++
                  | Dex+3} (Okawaru gifted it to you on level 3 of the Lair of
                  | Beasts)
 12874 | Lair:3   | Received a gift from Okawaru
 12875 | Lair:3   | 12875 ||| Stepping ~*~*~tactically~*~*~ (stealth).
 12876 | Lair:3   | 12876 ||| SWAPPING to +8 war axe "Qeydd" {pain, Str+3
                  | Stlth+}.
 13186 | Lair:3   | 13186 ||| Stepping ~*~*~tactically~*~*~ (hiding).
 13187 | Lair:3   | 13187 ||| Stepping ~*~*~tactically~*~*~ (hiding).
 13193 | Lair:3   | 13193 ||| Stepping ~*~*~tactically~*~*~ (hiding).
 13194 | Lair:3   | 13194 ||| Stepping ~*~*~tactically~*~*~ (hiding).
 13211 | Lair:3   | Found a staircase to the Shoals.
 13250 | Lair:3   | Found a staircase to the Snake Pit.
 13258 | Lair:3   | 13258 ||| INVOKING Heroism.
 13263 | Lair:3   | HP: 15/77 [naga/+0 halberd (21)]
 13264 | Lair:3   | 13264 ||| READING 2 scrolls of teleportation.
 13265 | Lair:3   | 13265 ||| DRINKING 2 potions of heal wounds.
 13268 | Lair:3   | 13268 ||| DRINKING potion of heal wounds.
 13475 | Lair:3   | 13475 ||| INVOKING Heroism.
 13655 | Lair:3   | 13655 ||| Stepping ~*~*~tactically~*~*~ (stealth).
 13762 | Lair:3   | 13762 ||| Stepping ~*~*~tactically~*~*~ (stealth).
 13767 | Lair:3   | 13767 ||| INVOKING Heroism.
 13769 | Lair:3   | Reached skill level 13 in Axes
 13833 | Lair:3   | 13833 ||| INVOKING Heroism.
 14181 | Lair:3   | 14181 ||| UPGRADING to +1 pair of gloves of Sodux {-Cast
                  | rPois rF++ Dex+3}.
 14191 | Lair:3   | 14191 ||| DROPPING +2 pair of gloves.
 14236 | Lair:4   | 14236 ||| Stepping ~*~*~tactically~*~*~ (stealth).
 14243 | Lair:4   | 14243 ||| INVOKING Heroism.
 14415 | Lair:4   | Noticed a catoblepas
 14416 | Lair:4   | 14416 ||| Stepping ~*~*~tactically~*~*~ (hiding).
 14421 | Lair:4   | 14421 ||| INVOKING Heroism.
 14422 | Lair:4   | 14422 ||| INVOKING Finesse.
 14432 | Lair:4   | Killed a catoblepas
 14433 | Lair:4   | Reached skill level 3 in Dodging
 14433 | Lair:4   | Reached XP level 13. HP: 82/82 MP: 13/20
 14631 | Lair:4   | 14631 ||| INVOKING Heroism.
 14633 | Lair:4   | 14633 ||| Stepping ~*~*~tactically~*~*~ (stealth).
 14637 | Lair:4   | 14637 ||| Stepping ~*~*~tactically~*~*~ (stealth).
 14653 | Lair:4   | Reached skill level 3 in Throwing
 14655 | Lair:4   | 14655 ||| INVOKING Heroism.
 14777 | Lair:4   | 14777 ||| Stepping ~*~*~tactically~*~*~ (stealth).
 14778 | Lair:4   | 14778 ||| Stepping ~*~*~tactically~*~*~ (stealth).
 14786 | Lair:4   | 14786 ||| Stepping ~*~*~tactically~*~*~ (stealth).
 14850 | Lair:4   | 14850 ||| INVOKING Heroism.
 15257 | Lair:4   | 15257 ||| Stepping ~*~*~tactically~*~*~ (stealth).
 15259 | Lair:4   | 15259 ||| Stepping ~*~*~tactically~*~*~ (hiding).
 15261 | Lair:4   | 15261 ||| INVOKING Heroism.
 15624 | Lair:5   | Entered Level 5 of the Lair of Beasts
 15642 | Lair:5   | 15642 ||| Stepping ~*~*~tactically~*~*~ (stealth).
 15644 | Lair:5   | 15644 ||| INVOKING Heroism.
 15659 | Lair:5   | 15659 ||| Stepping ~*~*~tactically~*~*~ (stealth).
 15730 | Lair:5   | 15730 ||| Stepping ~*~*~tactically~*~*~ (stealth).
 15731 | Lair:5   | 15731 ||| Stepping ~*~*~tactically~*~*~ (stealth).
 15780 | Lair:5   | 15780 ||| Stepping ~*~*~tactically~*~*~ (stealth).
 15855 | Lair:5   | 15855 ||| INVOKING Heroism.
 15867 | Lair:5   | 15867 ||| Stepping ~*~*~tactically~*~*~ (stealth).
 15868 | Lair:5   | 15868 ||| Stepping ~*~*~tactically~*~*~ (hiding).
 15884 | Lair:5   | Reached skill level 14 in Axes
 16077 | Lair:5   | 16077 ||| INVOKING Heroism.
 16165 | Lair:5   | 16165 ||| INVOKING Heroism.
 16166 | Lair:5   | 16166 ||| INVOKING Finesse.
 16207 | Lair:5   | 16207 ||| Stepping ~*~*~tactically~*~*~ (stealth).
 16223 | Lair:5   | 16223 ||| INVOKING Heroism.
 16224 | Lair:5   | 16224 ||| INVOKING Finesse.
 16229 | Lair:5   | 16229 ||| SWAPPING to -1 demon whip of venom.
 16240 | Lair:5   | 16240 ||| SWAPPING to +8 war axe "Qeydd" {pain, Str+3
                  | Stlth+}.
 16364 | Lair:5   | 16364 ||| READING scroll of enchant armour.
 16364 | Lair:5   | 16364 ||| ENCHANTING +0 pair of boots.
 16373 | Lair:5   | Found a staircase to the Slime Pits.
 16385 | Lair:5   | 16385 ||| INVOKING Heroism.
 16398 | Lair:5   | Received a gift from Okawaru
 16513 | Lair:5   | 16513 ||| INVOKING Heroism.
 16558 | Lair:5   | 16558 ||| INVOKING Heroism.
 16562 | Lair:5   | 16562 ||| Stepping ~*~*~tactically~*~*~ (stealth).
 16604 | Lair:5   | Reached ****** piety under Okawaru
 16604 | Lair:5   | Identified the +2 broad axe "Yvajeh" {drain, rF+ Str+3
                  | Dex-3 SInv} (Okawaru gifted it to you on level 5 of the
                  | Lair of Beasts)
 16604 | Lair:5   | Received a gift from Okawaru
 16607 | Lair:5   | Gained mutation: Your large and strong wings let you fly.
                  | [Gargoyle growth]
 16607 | Lair:5   | Reached XP level 14. HP: 81/90 MP: 21/21
 16644 | Lair:5   | 16644 ||| SWAPPING to +2 broad axe "Yvajeh" {drain, rF+
                  | Str+3 Dex-3 SInv}.
 16645 | Lair:5   | 16645 ||| REMOVING ring of protection from fire.
 16646 | Lair:5   | 16646 ||| DROPPING +8 war axe "Qeydd" {pain, Str+3 Stlth+}.
 16663 | Lair:5   | 16663 ||| Stepping ~*~*~tactically~*~*~ (stealth).
 16670 | Lair:5   | 16670 ||| INVOKING Heroism.
 16673 | Lair:5   | 16673 ||| Stepping ~*~*~tactically~*~*~ (hiding).
 16692 | Lair:5   | 16692 ||| FLEEEEING.
 16696 | Lair:5   | 16696 ||| FLEEEEING.
 16697 | Lair:5   | 16697 ||| FLEEEEING.
 16698 | Lair:5   | 16698 ||| FLEEEEING.
 16775 | Lair:5   | 16775 ||| Stepping ~*~*~tactically~*~*~ (stealth).
 16837 | Lair:5   | 16837 ||| Stepping ~*~*~tactically~*~*~ (hiding).
 16909 | Lair:5   | Reached skill level 15 in Axes
 16915 | Lair:5   | 16915 ||| INVOKING Heroism.
 17037 | Lair:5   | 17037 ||| Stepping ~*~*~tactically~*~*~ (hiding).
 17040 | Lair:5   | 17040 ||| Stepping ~*~*~tactically~*~*~ (stealth).
 17145 | Lair:5   | 17145 ||| Stepping ~*~*~tactically~*~*~ (hiding).
 17264 | Lair:5   | 17264 ||| Stepping ~*~*~tactically~*~*~ (stealth).
 17275 | Lair:5   | 17275 ||| INVOKING Heroism.
 17312 | Lair:5   | 17312 ||| INVOKING Heroism.
 17396 | Lair:5   | 17396 ||| INVOKING Heroism.
 17538 | Lair:5   | Reached skill level 12 in Fighting
 17592 | Lair:5   | Found a corrupted altar of Lugonu.
 17594 | Lair:5   | Found a one-way gate to the infinite horrors of the Abyss.
 17772 | Lair:5   | 17772 ||| Stepping ~*~*~tactically~*~*~ (hiding).
 17775 | Lair:5   | 17775 ||| Stepping ~*~*~tactically~*~*~ (hiding).
 17781 | Lair:5   | 17781 ||| Stepping ~*~*~tactically~*~*~ (hiding).
 17788 | Lair:5   | 17788 ||| INVOKING Heroism.
 17902 | Lair:5   | 17902 ||| INVOKING Heroism.
 17903 | Lair:5   | 17903 ||| SWAPPING to -1 demon whip of venom.
 17904 | Lair:5   | 17904 ||| INVOKING Finesse.
 17913 | Lair:5   | 17913 ||| SWAPPING to +2 broad axe "Yvajeh" {drain, rF+
                  | Str+3 Dex-3 SInv}.
 17915 | Lair:5   | Identified the +1 ring mail of the Loofah {Fly Str+4 Dex+3}
                  | (Okawaru gifted it to you on level 5 of the Lair of Beasts)
 17915 | Lair:5   | Received a gift from Okawaru
 18302 | Lair:5   | 18302 ||| PLANNING D:1-11
 18302 | Lair:5   | 18302 ||| DROPPING orb of mayhem.
 18303 | Lair:5   | 18303 ||| UPGRADING to +2 pair of boots.
 18313 | Lair:5   | 18313 ||| DROPPING +1 pair of boots.
 18314 | Lair:5   | 18314 ||| DROPPING +1 chain mail of cold resistance.
 18381 | D:10     | Entered Level 10 of the Dungeon
 18426 | D:10     | 18426 ||| FLEEEEING.
 18427 | D:10     | 18427 ||| FLEEEEING.
 18428 | D:10     | 18428 ||| FLEEEEING.
 18429 | D:10     | 18429 ||| FLEEEEING.
 18430 | D:10     | 18430 ||| FLEEEEING.
 18431 | D:10     | 18431 ||| STAIRDANCE
 18535 | D:10     | 18535 ||| STAIRDANCE
 18585 | D:10     | 18585 ||| STAIRDANCE
 18587 | D:9      | 18587 ||| INVOKING Heroism.
 18650 | D:10     | 18650 ||| STAIRDANCE
 18652 | D:9      | 18652 ||| INVOKING Heroism.
 18701 | D:10     | 18701 ||| STAIRDANCE
 18748 | D:10     | 18748 ||| STAIRDANCE
 18755 | D:10     | 18755 ||| STAIRDANCE
 18901 | D:10     | Found a staircase to the Orcish Mines.
 18945 | D:10     | Found an ancient bone altar of Kikubaaqudgha.
 18996 | D:10     | Identified the +1 robe "Uffyonn" {rElec Will+ Slay-6 SInv}
 19162 | D:11     | 19162 ||| INVOKING Heroism.
 19200 | D:11     | 19200 ||| INVOKING Finesse.
 19215 | D:11     | 19215 ||| INVOKING Heroism.
 19331 | D:11     | Found a transporter.
 19347 | D:11     | 19347 ||| INVOKING Heroism.
 19441 | D:11     | 19441 ||| INVOKING Heroism.
 19442 | D:11     | 19442 ||| INVOKING Finesse.
 19513 | D:11     | Noticed qw's ghost (journeyman MiFi)
 19514 | D:11     | 19514 ||| INVOKING Heroism.
 19515 | D:11     | 19515 ||| INVOKING Finesse.
 19527 | D:11     | Found a transporter.
 19678 | D:11     | 19678 ||| INVOKING Heroism.
 19953 | D:11     | 19953 ||| PLANNING D
 19953 | D:11     | 19953 ||| READING scroll labelled PESAR DENA.
 19954 | D:11     | 19954 ||| READING 9 scrolls of identify.
 19954 | D:11     | 19954 ||| IDENTIFYING pink potion
 20006 | D:12     | Noticed Rupert
 20007 | D:12     | 20007 ||| INVOKING Heroism.
 20008 | D:12     | 20008 ||| INVOKING Finesse.
 20016 | D:12     | Killed Rupert
 20064 | D:12     | 20064 ||| INVOKING Heroism.
 20065 | D:12     | 20065 ||| INVOKING Finesse.
 20068 | D:12     | 20068 ||| SWAPPING to -1 demon whip of venom.
 20077 | D:12     | 20077 ||| SWAPPING to +2 broad axe "Yvajeh" {drain, rF+
                  | Str+3 Dex-3 SInv}.
 20271 | D:12     | 20271 ||| INVOKING Heroism.
 20386 | D:12     | 20386 ||| Stepping ~*~*~tactically~*~*~ (stealth).
 20402 | D:12     | 20402 ||| Stepping ~*~*~tactically~*~*~ (hiding).
 20404 | D:12     | 20404 ||| Stepping ~*~*~tactically~*~*~ (hiding).
 20421 | D:12     | Reached skill level 16 in Axes
 20450 | D:12     | 20450 ||| Stepping ~*~*~tactically~*~*~ (hiding).
 20463 | D:12     | 20463 ||| INVOKING Heroism.
 20681 | D:12     | 20681 ||| Stepping ~*~*~tactically~*~*~ (hiding).
 20683 | D:12     | 20683 ||| Stepping ~*~*~tactically~*~*~ (hiding).
 20686 | D:12     | 20686 ||| INVOKING Heroism.
 20715 | D:12     | 20715 ||| Stepping ~*~*~tactically~*~*~ (stealth).
 20727 | D:12     | 20727 ||| INVOKING Heroism.
 20728 | D:12     | 20728 ||| INVOKING Finesse.
 20733 | D:12     | 20733 ||| SWAPPING to -1 demon whip of venom.
 20739 | D:12     | 20739 ||| SWAPPING to +2 broad axe "Yvajeh" {drain, rF+
                  | Str+3 Dex-3 SInv}.
 20999 | D:12     | 20999 ||| INVOKING Heroism.
 21103 | D:12     | 21103 ||| UPGRADING to +0 helmet.
 21281 | D:13     | Noticed an ironbound preserver
 21282 | D:13     | Found a gate to the Vaults.
 21285 | D:13     | 21285 ||| INVOKING Heroism.
 21291 | D:13     | Killed an ironbound preserver
 21292 | D:13     | Reached XP level 15. HP: 96/96 MP: 20/22
 21300 | D:13     | 21300 ||| Stepping ~*~*~tactically~*~*~ (hiding).
 21302 | D:13     | 21302 ||| Stepping ~*~*~tactically~*~*~ (hiding).
 21303 | D:13     | HP: 20/96 [red devil/+1 trident of venom[a kobold
                  | demonologist] (9)]
 21304 | D:13     | 21304 ||| READING 7 scrolls of teleportation.
 21305 | D:13     | 21305 ||| DRINKING potion of heal wounds.
 21309 | D:13     | 21309 ||| INVOKING Heroism.
 21602 | D:13     | 21602 ||| Stepping ~*~*~tactically~*~*~ (hiding).
 21858 | D:13     | 21858 ||| Stepping ~*~*~tactically~*~*~ (stealth).
 21870 | D:13     | 21870 ||| INVOKING Heroism.
 21878 | D:13     | 21878 ||| Stepping ~*~*~tactically~*~*~ (stealth).
 21897 | D:13     | 21897 ||| Stepping ~*~*~tactically~*~*~ (hiding).
 21904 | D:13     | Reached skill level 12 in Armour
 21925 | D:13     | 21925 ||| INVOKING Heroism.
 22351 | D:13     | 22351 ||| Stepping ~*~*~tactically~*~*~ (hiding).
 22518 | D:13     | 22518 ||| INVOKING Heroism.
 22519 | D:13     | 22519 ||| INVOKING Finesse.
 22521 | D:13     | 22521 ||| SWAPPING to -1 demon whip of venom.
 22529 | D:13     | 22529 ||| SWAPPING to +2 broad axe "Yvajeh" {drain, rF+
                  | Str+3 Dex-3 SInv}.
 22532 | D:13     | 22532 ||| Stepping ~*~*~tactically~*~*~ (stealth).
 22553 | D:13     | 22553 ||| Stepping ~*~*~tactically~*~*~ (stealth).
 22969 | D:13     | 22969 ||| UPGRADING to +0 buckler of resistance.
 22979 | D:13     | 22979 ||| DROPPING +0 buckler.
 22980 | D:13     | 22980 ||| UPGRADING to ring of ice.
 23211 | D:14     | 23211 ||| INVOKING Heroism.
 23213 | D:14     | 23213 ||| Stepping ~*~*~tactically~*~*~ (stealth).
 23258 | D:14     | Received a gift from Okawaru
 23266 | D:14     | Noticed Frances
 23267 | D:14     | 23267 ||| Stepping ~*~*~tactically~*~*~ (hiding).
 23268 | D:14     | 23268 ||| Stepping ~*~*~tactically~*~*~ (hiding).
 23269 | D:14     | 23269 ||| Stepping ~*~*~tactically~*~*~ (hiding).
 23270 | D:14     | 23270 ||| Stepping ~*~*~tactically~*~*~ (hiding).
 23274 | D:14     | 23274 ||| INVOKING Finesse.
 23286 | D:14     | Killed Frances
 23287 | D:14     | Reached skill level 17 in Axes
 23341 | D:14     | Identified the +8 morningstar of Emime {vamp, rElec rCorr
                  | Dex-3 SInv}
 23343 | D:14     | 23343 ||| DROPPING -1 demon whip of venom.
 23363 | D:14     | 23363 ||| Stepping ~*~*~tactically~*~*~ (hiding).
 23364 | D:14     | 23364 ||| Stepping ~*~*~tactically~*~*~ (hiding).
 23418 | D:14     | 23418 ||| INVOKING Heroism.
 23424 | D:14     | 23424 ||| Stepping ~*~*~tactically~*~*~ (stealth).
 23452 | D:14     | Received a gift from Okawaru
 23455 | D:14     | 23455 ||| Stepping ~*~*~tactically~*~*~ (stealth).
 23458 | D:14     | 23458 ||| INVOKING Heroism.
 23494 | D:14     | 23494 ||| DROPPING +8 morningstar of Emime {vamp, rElec
                  | rCorr Dex-3 SInv}.
 23565 | D:14     | 23565 ||| Stepping ~*~*~tactically~*~*~ (stealth).
 23568 | D:14     | 23568 ||| INVOKING Heroism.
 23575 | D:14     | 23575 ||| READING 6 scrolls of teleportation.
 23971 | D:14     | 23971 ||| Stepping ~*~*~tactically~*~*~ (stealth).
 23974 | D:14     | 23974 ||| Stepping ~*~*~tactically~*~*~ (stealth).
 23975 | D:14     | 23975 ||| INVOKING Heroism.
 23983 | D:14     | 23983 ||| READING 5 scrolls of teleportation.
 24035 | D:14     | 24035 ||| Stepping ~*~*~tactically~*~*~ (hiding).
 24045 | D:14     | 24045 ||| STAIRDANCE
 24085 | D:13     | 24085 ||| UPGRADING to +0 kite shield.
 24095 | D:13     | 24095 ||| DROPPING +0 buckler of resistance.
 24096 | D:13     | 24096 ||| UPGRADING to ring of protection from fire.
 24102 | D:14     | 24102 ||| Stepping ~*~*~tactically~*~*~ (stealth).
 24109 | D:14     | 24109 ||| Stepping ~*~*~tactically~*~*~ (stealth).
 24111 | D:14     | 24111 ||| Stepping ~*~*~tactically~*~*~ (stealth).
 24114 | D:14     | 24114 ||| STAIRDANCE
 24137 | D:14     | 24137 ||| INVOKING Heroism.
 24144 | D:14     | 24144 ||| STAIRDANCE
 24151 | D:14     | 24151 ||| STAIRDANCE
 24226 | D:14     | 24226 ||| STAIRDANCE
 24233 | D:14     | 24233 ||| STAIRDANCE
 24314 | D:14     | 24314 ||| STAIRDANCE
 24396 | D:14     | 24396 ||| INVOKING Heroism.
 24402 | D:14     | 24402 ||| READING 4 scrolls of teleportation.
 24440 | D:14     | Reached skill level 9 in Shields
 24509 | D:14     | 24509 ||| Stepping ~*~*~tactically~*~*~ (hiding).
 24513 | D:14     | 24513 ||| Stepping ~*~*~tactically~*~*~ (stealth).
 24584 | D:14     | 24584 ||| Stepping ~*~*~tactically~*~*~ (stealth).
 24591 | D:14     | 24591 ||| INVOKING Heroism.
 24787 | D:15     | Entered Level 15 of the Dungeon
 24791 | D:15     | Noticed Louise
 24792 | D:15     | 24792 ||| INVOKING Heroism.
 24793 | D:15     | 24793 ||| INVOKING Finesse.
 24809 | D:15     | Killed Louise
 24827 | D:15     | 24827 ||| INVOKING Heroism.
 24855 | D:15     | 24855 ||| Stepping ~*~*~tactically~*~*~ (stealth).
 24856 | D:15     | 24856 ||| Stepping ~*~*~tactically~*~*~ (stealth).
 24860 | D:15     | 24860 ||| Stepping ~*~*~tactically~*~*~ (stealth).
 24921 | D:15     | 24921 ||| FLEEEEING.
 24922 | D:15     | 24922 ||| FLEEEEING.
 24923 | D:15     | 24923 ||| FLEEEEING.
 24924 | D:15     | 24924 ||| FLEEEEING.
 24925 | D:15     | 24925 ||| FLEEEEING.
 24926 | D:15     | 24926 ||| STAIRDANCE
 25015 | D:15     | 25015 ||| Stepping ~*~*~tactically~*~*~ (stealth).
 25016 | D:15     | 25016 ||| INVOKING Heroism.
 25034 | D:15     | 25034 ||| INVOKING Heroism.
 25290 | D:15     | 25290 ||| INVOKING Heroism.
 25309 | D:15     | Reached XP level 16. HP: 95/103 MP: 23/23
 25427 | D:15     | Noticed Jorgrun
 25427 | D:15     | 25427 ||| INVOKING Heroism.
 25428 | D:15     | 25428 ||| INVOKING Finesse.
 25439 | D:15     | Killed Jorgrun
 25579 | D:15     | Received a gift from Okawaru
 25633 | D:15     | Reached skill level 12 in Shields
 25673 | D:15     | 25673 ||| Stepping ~*~*~tactically~*~*~ (stealth).
 25676 | D:15     | 25676 ||| Stepping ~*~*~tactically~*~*~ (hiding).
 25690 | D:15     | 25690 ||| INVOKING Heroism.
 25743 | D:15     | 25743 ||| INVOKING Heroism.
 25760 | D:15     | 25760 ||| Stepping ~*~*~tactically~*~*~ (stealth).
 25779 | D:15     | Identified the +2 chain mail of Infinity {Dex+8} (Okawaru
                  | gifted it to you on level 15 of the Dungeon)
 25779 | D:15     | Received a gift from Okawaru
 25831 | D:15     | 25831 ||| Stepping ~*~*~tactically~*~*~ (stealth).
 25832 | D:15     | 25832 ||| Stepping ~*~*~tactically~*~*~ (stealth).
 25834 | D:15     | Paralysed by a great orb of eyes for 4 turns
 25870 | D:15     | Found a staircase to the Depths.
 25954 | D:15     | 25954 ||| Stepping ~*~*~tactically~*~*~ (hiding).
 25955 | D:15     | 25955 ||| Stepping ~*~*~tactically~*~*~ (hiding).
 26116 | D:15     | 26116 ||| Stepping ~*~*~tactically~*~*~ (hiding).
 26216 | D:15     | 26216 ||| PLANNING ORC
 26216 | D:15     | 26216 ||| UPGRADING to +2 chain mail of Infinity {Dex+8}.
 26226 | D:15     | 26226 ||| DROPPING +0 plate armour.
 26227 | D:15     | 26227 ||| UPGRADING to +0 tower shield.
 26237 | D:15     | 26237 ||| DROPPING +0 kite shield.
 26409 | Orc:1    | Entered Level 1 of the Orcish Mines
 26439 | Orc:2    | Entered Level 2 of the Orcish Mines
 26513 | Orc:2    | Found a burning altar of Makhleb.
 26522 | Orc:2    | Identified the +10 whip "Gargoyle's Bane" {drain, rC+
                  | Stlth+}
 26531 | Orc:2    | Found a staircase to the Elven Halls.
 26589 | Orc:2    | 26589 ||| Stepping ~*~*~tactically~*~*~ (hiding).
 26674 | Orc:2    | 26674 ||| Stepping ~*~*~tactically~*~*~ (hiding).
 26708 | Orc:2    | 26708 ||| Stepping ~*~*~tactically~*~*~ (hiding).
 26710 | Orc:2    | 26710 ||| INVOKING Heroism.
 26728 | Orc:2    | Found Wetoil's Antique Armour Shoppe.
 26733 | Orc:2    | 26733 ||| BUYING ichor-stained helmet (342 gold).
 26733 | Orc:2    | Bought an ichor-stained helmet for 342 gold pieces
 26733 | Orc:2    | Identified the +0 helmet of Uneapneu {rF+ Will+++ Str-2
                  | Stlth+} (You bought it in a shop on level 2 of the Orcish
                  | Mines)
 26793 | Orc:2    | Found Qimelol's Magic Scroll Boutique.
 26803 | Orc:2    | 26803 ||| FLEEEEING.
 26805 | Orc:2    | 26805 ||| Stepping ~*~*~tactically~*~*~ (hiding).
 26821 | Orc:2    | 26821 ||| INVOKING Heroism.
 26854 | Orc:2    | Noticed Saint Roka
 26855 | Orc:2    | 26855 ||| INVOKING Finesse.
 26878 | Orc:2    | HP: 12/103 [Saint Roka/divine providence (14)]
 26879 | Orc:2    | 26879 ||| READING 3 scrolls of teleportation.
 26885 | Orc:2    | 26885 ||| READING 2 scrolls of teleportation.
 26888 | Orc:2    | Killed Saint Roka
 27253 | Orc:2    | 27253 ||| Stepping ~*~*~tactically~*~*~ (hiding).
 27254 | Orc:2    | 27254 ||| Stepping ~*~*~tactically~*~*~ (hiding).
 27483 | Orc:2    | 27483 ||| Stepping ~*~*~tactically~*~*~ (hiding).
 27493 | Orc:2    | 27493 ||| INVOKING Heroism.
 27506 | Orc:2    | 27506 ||| Stepping ~*~*~tactically~*~*~ (hiding).
 27614 | Orc:2    | Found Hualam's Book Shoppe.
 27684 | Orc:2    | 27684 ||| Stepping ~*~*~tactically~*~*~ (hiding).
 27690 | Orc:2    | 27690 ||| INVOKING Heroism.
 27691 | Orc:2    | 27691 ||| DRINKING 4 potions of curing.
 27691 | Orc:2    | 27691 ||| (to cure confusion)
 27695 | Orc:2    | 27695 ||| DRINKING 3 potions of curing.
 27695 | Orc:2    | 27695 ||| (to cure confusion)
 27740 | Orc:2    | 27740 ||| Stepping ~*~*~tactically~*~*~ (stealth).
 27753 | Orc:2    | 27753 ||| Stepping ~*~*~tactically~*~*~ (stealth).
 27811 | Orc:2    | 27811 ||| INVOKING Heroism.
 27891 | Orc:2    | 27891 ||| Stepping ~*~*~tactically~*~*~ (stealth).
 27893 | Orc:2    | 27893 ||| Stepping ~*~*~tactically~*~*~ (hiding).
 27898 | Orc:2    | 27898 ||| INVOKING Heroism.
 27911 | Orc:2    | Found Wycsi's Antique Weapon Shop.
 27913 | Orc:2    | Found Witoc's Antique Armour Boutique.
 27926 | Orc:2    | 27926 ||| UPGRADING to +0 helmet of Uneapneu {rF+ Will+++
                  | Str-2 Stlth+}.
 27936 | Orc:2    | 27936 ||| REMOVING ring of protection from fire.
 27937 | Orc:2    | 27937 ||| UPGRADING to +2 plate armour of positive energy.
 27947 | Orc:2    | 27947 ||| DROPPING +2 chain mail of Infinity {Dex+8}.
 28017 | Orc:1    | Found Hunapopi's Assorted Antiques.
 28019 | Orc:1    | 28019 ||| Stepping ~*~*~tactically~*~*~ (stealth).
 28023 | Orc:1    | 28023 ||| Stepping ~*~*~tactically~*~*~ (stealth).
 28043 | Orc:1    | 28043 ||| Stepping ~*~*~tactically~*~*~ (stealth).
 28072 | Orc:1    | 28072 ||| BUYING potion of might (108 gold).
 28072 | Orc:1    | Bought a potion of might for 108 gold pieces
 28072 | Orc:1    | 28072 ||| BUYING potion of mutation (216 gold).
 28072 | Orc:1    | Bought a potion of mutation for 216 gold pieces
 28072 | Orc:1    | 28072 ||| BUYING scroll of teleportation (81 gold).
 28072 | Orc:1    | Bought a scroll of teleportation for 81 gold pieces
 28086 | Orc:1    | 28086 ||| Stepping ~*~*~tactically~*~*~ (stealth).
 28089 | Orc:1    | 28089 ||| Stepping ~*~*~tactically~*~*~ (stealth).
 28098 | Orc:1    | 28098 ||| Stepping ~*~*~tactically~*~*~ (stealth).
 28100 | Orc:1    | 28100 ||| Stepping ~*~*~tactically~*~*~ (hiding).
 28101 | Orc:1    | 28101 ||| Stepping ~*~*~tactically~*~*~ (hiding).
 28114 | Orc:1    | 28114 ||| Stepping ~*~*~tactically~*~*~ (stealth).
 28159 | Orc:1    | 28159 ||| Stepping ~*~*~tactically~*~*~ (hiding).
 28270 | Orc:1    | Found a runed translucent gate.
 28270 | Orc:1    | Found a runed translucent gate.
 28270 | Orc:1    | Found a runed translucent gate.
 28271 | Orc:1    | Noticed Dienlag's ghost (novice OpMo)
 28278 | Orc:1    | 28278 ||| Stepping ~*~*~tactically~*~*~ (stealth).
 28305 | Orc:1    | 28305 ||| INVOKING Heroism.
 28533 | Orc:1    | 28533 ||| PLANNING SNAKE:1-3
 28700 | Snake:1  | Entered Level 1 of the Snake Pit
 28802 | Snake:1  | 28802 ||| Stepping ~*~*~tactically~*~*~ (hiding).
 28812 | Snake:1  | 28812 ||| INVOKING Heroism.
 28834 | Snake:1  | 28834 ||| Stepping ~*~*~tactically~*~*~ (hiding).
 28837 | Snake:1  | 28837 ||| Stepping ~*~*~tactically~*~*~ (hiding).
 28976 | Snake:1  | Noticed Donald
 28977 | Snake:1  | 28977 ||| INVOKING Heroism.
 28978 | Snake:1  | 28978 ||| INVOKING Finesse.
 28995 | Snake:1  | Killed Donald
 29039 | Snake:1  | 29039 ||| INVOKING Heroism.
 29139 | Snake:1  | 29139 ||| Stepping ~*~*~tactically~*~*~ (stealth).
 29325 | Snake:1  | 29325 ||| Stepping ~*~*~tactically~*~*~ (hiding).
 29341 | Snake:1  | Received a gift from Okawaru
 29380 | Snake:1  | 29380 ||| Stepping ~*~*~tactically~*~*~ (hiding).
 29385 | Snake:1  | Reached skill level 15 in Shields
 29620 | Snake:1  | 29620 ||| INVOKING Heroism.
 29626 | Snake:1  | Noticed Kirke
 29640 | Snake:1  | Noticed a sphinx
 29641 | Snake:1  | HP: 24/103 [naga sharpshooter/arrow (6)]
 29642 | Snake:1  | 29642 ||| READING 2 scrolls of teleportation.
 29645 | Snake:1  | HP: 9/103 [sphinx[Kirke] (3)]
 29646 | Snake:1  | Killed Kirke
 30073 | Snake:1  | Found Volex's Self-Improvement Boutique.
 30082 | Snake:1  | 30082 ||| INVOKING Heroism.
 30195 | Snake:1  | 30195 ||| READING scroll of enchant armour.
 30195 | Snake:1  | 30195 ||| ENCHANTING +2 plate armour of positive energy.
 30301 | Snake:1  | Identified the +5 ring mail "Valyvor" {rC+ Str+4 Stlth-}
                  | (Okawaru gifted it to you on level 1 of the Snake Pit)
 30301 | Snake:1  | Received a gift from Okawaru
 30585 | Snake:1  | 30585 ||| DROPPING +3 plate armour of poison resistance.
 30608 | Snake:2  | 30608 ||| PLANNING BAZAAR
 30727 | Snake:2  | 30727 ||| Stepping ~*~*~tactically~*~*~ (hiding).
 30742 | Snake:2  | 30742 ||| INVOKING Heroism.
 30760 | Snake:2  | 30760 ||| INVOKING Heroism.
 30784 | Snake:2  | Reached XP level 17. HP: 58/108 MP: 24/24
 30798 | Snake:2  | 30798 ||| Stepping ~*~*~tactically~*~*~ (hiding).
 30819 | Snake:2  | 30819 ||| INVOKING Heroism.
 30828 | Snake:2  | HP: 26/108 [naga sharpshooter/arrow (8)]
 30829 | Snake:2  | 30829 ||| READING 2 scrolls of teleportation.
 30911 | Snake:2  | 30911 ||| FLEEEEING.
 30915 | Snake:2  | 30915 ||| STAIRDANCE
 31133 | Snake:2  | 31133 ||| INVOKING Heroism.
 31511 | Snake:2  | 31511 ||| Stepping ~*~*~tactically~*~*~ (hiding).
 31729 | Snake:2  | Found a flickering gateway to a bazaar.
 31736 | Bazaar   | Entered a bazaar
 31736 | Bazaar   | Found Toliuntue's Magic Scroll Emporium.
 31736 | Bazaar   | Found Xouwila's Magic Scroll Emporium.
 31737 | Bazaar   | Found Ceypti's Assorted Antiques.
 31737 | Bazaar   | Found Lut Lagu's Antique Armour Shoppe.
 31740 | Bazaar   | 31740 ||| BUYING scroll of blinking (75 gold).
 31740 | Bazaar   | Bought a scroll of blinking for 75 gold pieces
 31740 | Bazaar   | 31740 ||| BUYING scroll of teleportation (30 gold).
 31740 | Bazaar   | Bought a scroll of teleportation for 30 gold pieces
 31750 | Bazaar   | 31750 ||| BUYING cloak (81 gold).
 31750 | Bazaar   | Bought a cloak for 81 gold pieces
 31750 | Bazaar   | 31750 ||| BUYING runed cloak (135 gold).
 31750 | Bazaar   | Bought a runed cloak for 135 gold pieces
 31750 | Bazaar   | 31750 ||| BUYING shiny chain mail (135 gold).
 31750 | Bazaar   | Bought a shiny chain mail for 135 gold pieces
 31754 | Bazaar   | 31754 ||| BUYING pair of faintly glowing boots (285 gold).
 31754 | Bazaar   | Bought a pair of faintly glowing boots for 285 gold pieces
 31754 | Bazaar   | Identified the -2 pair of boots "Iceety" {Str+3} (You
                  | bought it in a shop in a bazaar)
 31754 | Bazaar   | 31754 ||| BUYING scroll of enchant weapon (225 gold).
 31754 | Bazaar   | Bought a scroll of enchant weapon for 225 gold pieces
 31754 | Bazaar   | 31754 ||| UPGRADING to +0 cloak.
 31759 | Bazaar   | 31759 ||| DROPPING +0 cloak of poison resistance.
 31760 | Bazaar   | 31760 ||| DROPPING +3 chain mail of cold resistance.
 31761 | Bazaar   | 31761 ||| DROPPING -2 pair of boots "Iceety" {Str+3}.
 31766 | Snake:2  | 31766 ||| PLANNING SNAKE:1-3
 31843 | Snake:2  | Found Vibaimm's Magic Scroll Emporium.
 31843 | Snake:2  | Found Myovure's Assorted Antiques.
 31847 | Snake:2  | Found Loavak's General Store.
 31853 | Snake:2  | 31853 ||| BUYING ancient cloak (266 gold).
 31853 | Snake:2  | Bought an ancient cloak for 266 gold pieces
 31853 | Snake:2  | Identified the +1 cloak of the Okapi {rPois Slay+3} (You
                  | bought it in a shop on level 2 of the Snake Pit)
 31853 | Snake:2  | 31853 ||| BUYING gluggy blue potion (25 gold).
 31853 | Snake:2  | Bought a gluggy blue potion for 25 gold pieces
 31857 | Snake:2  | 31857 ||| BUYING potion of mutation (136 gold).
 31857 | Snake:2  | Bought a potion of mutation for 136 gold pieces
 31857 | Snake:2  | 31857 ||| BUYING scroll of enchant armour (127 gold).
 31857 | Snake:2  | Bought a scroll of enchant armour for 127 gold pieces
 31857 | Snake:2  | 31857 ||| BUYING scroll of enchant weapon (127 gold).
 31857 | Snake:2  | Bought a scroll of enchant weapon for 127 gold pieces
 31857 | Snake:2  | 31857 ||| READING scroll of enchant armour.
 31857 | Snake:2  | 31857 ||| ENCHANTING +0 cloak.
 32079 | Snake:2  | 32079 ||| UPGRADING to +1 cloak of the Okapi {rPois
                  | Slay+3}.
 32089 | Snake:2  | 32089 ||| DROPPING +1 cloak.
 32090 | Snake:2  | 32090 ||| READING 20 scrolls of identify.
 32090 | Snake:2  | 32090 ||| IDENTIFYING gluggy blue potion
 32130 | Snake:3  | 32130 ||| Stepping ~*~*~tactically~*~*~ (hiding).
 32224 | Snake:3  | 32224 ||| Stepping ~*~*~tactically~*~*~ (hiding).
 32232 | Snake:3  | 32232 ||| Stepping ~*~*~tactically~*~*~ (hiding).
 32397 | Snake:3  | 32397 ||| Stepping ~*~*~tactically~*~*~ (stealth).
 32399 | Snake:3  | 32399 ||| Stepping ~*~*~tactically~*~*~ (hiding).
 32413 | Snake:3  | Noticed Agnes
 32414 | Snake:3  | 32414 ||| INVOKING Heroism.
 32415 | Snake:3  | 32415 ||| INVOKING Finesse.
 32428 | Snake:3  | Killed Agnes
 32429 | Snake:3  | Reached skill level 6 in Throwing
 32530 | Snake:3  | 32530 ||| Stepping ~*~*~tactically~*~*~ (stealth).
 32639 | Snake:3  | 32639 ||| Stepping ~*~*~tactically~*~*~ (stealth).
 32656 | Snake:3  | 32656 ||| Stepping ~*~*~tactically~*~*~ (stealth).
 32668 | Snake:3  | 32668 ||| Stepping ~*~*~tactically~*~*~ (stealth).
 32669 | Snake:3  | 32669 ||| Stepping ~*~*~tactically~*~*~ (stealth).
 32695 | Snake:3  | 32695 ||| Stepping ~*~*~tactically~*~*~ (hiding).
 32895 | Snake:3  | Noticed Aizul
 32896 | Snake:3  | 32896 ||| INVOKING Heroism.
 32912 | Snake:3  | Killed Aizul
 32942 | Snake:3  | 32942 ||| Stepping ~*~*~tactically~*~*~ (hiding).
 32945 | Snake:3  | 32945 ||| Stepping ~*~*~tactically~*~*~ (hiding).
 32946 | Snake:3  | 32946 ||| Stepping ~*~*~tactically~*~*~ (hiding).
 33123 | Snake:3  | 33123 ||| INVOKING Heroism.
 33126 | Snake:3  | 33126 ||| Stepping ~*~*~tactically~*~*~ (hiding).
 33340 | Snake:3  | 33340 ||| READING scroll of enchant armour.
 33340 | Snake:3  | 33340 ||| ENCHANTING +3 plate armour of positive energy.
 33401 | Snake:3  | 33401 ||| PLANNING SHOALS:1-3
 33524 | Shoals:1 | Entered Level 1 of the Shoals
 33527 | Shoals:1 | 33527 ||| Stepping ~*~*~tactically~*~*~ (hiding).
 33587 | Shoals:1 | 33587 ||| INVOKING Heroism.
 33939 | Shoals:1 | Identified the +0 robe "Etoigirgh" {Rampage}
 34072 | Shoals:1 | 34072 ||| Stepping ~*~*~tactically~*~*~ (hiding).
 34321 | Shoals:1 | 34321 ||| INVOKING Heroism.
 34417 | Shoals:1 | Found Jutigoej's Antique Armour Shoppe.
 34453 | Shoals:1 | Noticed a kraken
 34457 | Shoals:1 | 34457 ||| INVOKING Heroism.
 34469 | Shoals:1 | Killed a kraken
 34748 | Shoals:1 | Noticed a kraken
 34749 | Shoals:1 | 34749 ||| INVOKING Heroism.
 34756 | Shoals:1 | Killed a kraken
 35014 | Shoals:2 | 35014 ||| INVOKING Heroism.
 35051 | Shoals:2 | HP: 26/108 [wind drake/the air (13)]
 35052 | Shoals:2 | 35052 ||| READING 4 scrolls of teleportation.
 35053 | Shoals:2 | 35053 ||| DRINKING potion of heal wounds.
 35054 | Shoals:2 | 35054 ||| INVOKING Heroism.
 35135 | Shoals:2 | 35135 ||| FLEEEEING.
 35136 | Shoals:2 | 35136 ||| FLEEEEING.
 35137 | Shoals:2 | 35137 ||| FLEEEEING.
 35138 | Shoals:2 | 35138 ||| FLEEEEING.
 35139 | Shoals:2 | 35139 ||| FLEEEEING.
 35140 | Shoals:2 | 35140 ||| INVOKING Heroism.
 35147 | Shoals:2 | 35147 ||| INVOKING Finesse.
 35222 | Shoals:2 | 35222 ||| FLEEEEING.
 35223 | Shoals:2 | 35223 ||| FLEEEEING.
 35224 | Shoals:2 | 35224 ||| FLEEEEING.
 35226 | Shoals:2 | 35226 ||| FLEEEEING.
 35229 | Shoals:2 | 35229 ||| STAIRDANCE
 35394 | Shoals:2 | Identified the +7 quarterstaff of Brawling {freeze, rF+
                  | Str+2}
 35399 | Shoals:2 | 35399 ||| INVOKING Heroism.
 35466 | Shoals:2 | 35466 ||| INVOKING Heroism.
 35482 | Shoals:2 | 35482 ||| INVOKING Finesse.
 35483 | Shoals:2 | 35483 ||| INVOKING Finesse.
 35519 | Shoals:2 | 35519 ||| FLEEEEING.
 35521 | Shoals:2 | 35521 ||| INVOKING Heroism.
 35531 | Shoals:2 | 35531 ||| FLEEEEING.
 35532 | Shoals:2 | 35532 ||| FLEEEEING.
 35533 | Shoals:2 | 35533 ||| FLEEEEING.
 35534 | Shoals:2 | 35534 ||| FLEEEEING.
 35535 | Shoals:2 | 35535 ||| FLEEEEING.
 35536 | Shoals:2 | 35536 ||| FLEEEEING.
 35537 | Shoals:2 | 35537 ||| FLEEEEING.
 35538 | Shoals:2 | 35538 ||| FLEEEEING.
 35539 | Shoals:2 | 35539 ||| FLEEEEING.
 35550 | Shoals:2 | HP: 23/108 [manticore (9)]
 35551 | Shoals:2 | 35551 ||| READING 3 scrolls of teleportation.
 35555 | Shoals:2 | HP: 22/108 [merfolk siren/arrow (3)]
 35577 | Shoals:2 | 35577 ||| INVOKING Heroism.
 36105 | Shoals:2 | Found Icrytel's Mass Market.
 36120 | Shoals:2 | 36120 ||| SHOPLISTING +0 crystal plate armour (800 gold,
                  | have 703).
 36139 | Shoals:2 | 36139 ||| Stepping ~*~*~tactically~*~*~ (hiding).
 36140 | Shoals:2 | 36140 ||| Stepping ~*~*~tactically~*~*~ (hiding).
 36231 | Shoals:2 | 36231 ||| INVOKING Heroism.
 36349 | Shoals:2 | Noticed a kraken
 36351 | Shoals:2 | 36351 ||| INVOKING Heroism.
 36356 | Shoals:2 | Killed a kraken
 36357 | Shoals:2 | Reached skill level 18 in Axes
 36552 | Shoals:2 | 36552 ||| Stepping ~*~*~tactically~*~*~ (stealth).
 36554 | Shoals:2 | 36554 ||| Stepping ~*~*~tactically~*~*~ (hiding).
 36628 | Shoals:3 | 36628 ||| FLEEEEING.
 36629 | Shoals:3 | 36629 ||| FLEEEEING.
 36638 | Shoals:3 | 36638 ||| INVOKING Heroism.
 36639 | Shoals:3 | 36639 ||| INVOKING Finesse.
 36656 | Shoals:3 | Reached XP level 18. HP: 50/114 MP: 18/25
 36662 | Shoals:3 | HP: 28/114 [merfolk javelineer/silver javelin (8)]
 36663 | Shoals:3 | 36663 ||| READING 2 scrolls of teleportation.
 36664 | Shoals:3 | HP: 12/114 [merfolk javelineer/silver javelin (5)]
 36669 | Shoals:3 | 36669 ||| READING scroll of teleportation.
 36677 | Shoals:3 | HP: 8/114 [merfolk javelineer/silver javelin (1)]
 36680 | Shoals:3 | 36680 ||| INVOKING Heroism.
 36680 | Shoals:3 | Slain by a merfolk

Levels and vault maps discovered:
D:1:      wander_arrival_lonely_grave, layout_basic, minmay_tromino_v4_a
D:2:      layout_loops_ring, hellmonk_ecumenical_altar_inner_sanctum,
          uniq_natasha
D:3:      layout_basic, mainiacjoe_overflow_boulevard,
          nicolae_gozag_cash_rules_everything_around_me
D:4:      layout_loops_ring, led_sif_book, gammafunk_temple_overflow_claw,
          nicolae_ashenzari_skybound, dreamdust_princess_bridge, uniq_sigmund
D:5:      layout_loops_ring, trog_wizard, nemelex_xobeh_ov_fountains_minmay
D:6:      minmay_inner_zag, layout_layer_cave, palyth_stone_intersect,
          nicolae_stop_n_shop_1, nicolae_concentric_dashed_squares_wild,
          uniq_crazy_yiuf_cottage, uniq_duvessa, uniq_menkaure, uniq_pikel
D:7:      layout_basic, grunt_temple_overflow_holy_war,
          mainiacjoe_overflow_surrounded_room, minmay_temple_entry_junction_2,
          corexii_checkpoint_b
D:8:      layout_loops_cross, eat_drink_and_be_merry_uskayaw
D:9:      layout_loops_ring, dpeg_lair_monsters, wad_mini_maze, uniq_psyche,
          uniq_amaemon
D:10:     layout_big_octagon, overflow_temple_1_default, orc_0_dummy
D:11:     layout_roguey, nzn_ghost_randoct, minmay_statue_bubble
D:12:     minmay_slanted_spiral_squares, layout_layer_cave,
          corexii_hall_statues_l, uniq_rupert
D:13:     layout_basic, skrybe_vaults_entry_preservation, special_room
          [special_room_orc]
D:14:     layout_roguey, uniq_frances
D:15:     gammafunk_enter_depths_forms, layout_basic, minmay_strange_pillars,
          uniq_jorgrun, uniq_louise
Lair:1:   layout_hall_layers, serial_bayou_shore_b, grunt_megastairs_1
Lair:2:   layout_regular_city, roderic_carrion_pond, serial_bayou_shore_b,
          grunt_megastairs_5
Lair:3:   layout_loops_ring, minmay_shoals_entry_centaurs,
          guppyfry_snake_entry_island, beast_lair_carwin_5
Lair:4:   layout_cave_pods, serial_bayou_shore_b, grunt_megastairs_3,
          serial_bayou_shore_b, lemuel_fruit_fields
Lair:5:   hellmonk_lair_end_abyssal_woods, layout_gridlike, slime_entry_1,
          portal_ice_cave_entry_imps, wad_woods_03
Shoals:1: layout_shoals, serial_shops, shop
Shoals:2: layout_shoals, minmay_shop_mass
Shoals:3: layout_shoals, nicolae_shoals_water_booths
Snake:1:  layout_basic, nicolae_shop_self_help, uniq_kirke, uniq_donald
Snake:2:  layout_chambers, serial_shops, bzr_entry_water, serial_bayou_shore_b,
          serial_bayou_shore_b, minmay_shop_star, serial_bayou_shore_a
Snake:3:  minmay_snake_river, layout_basic, uniq_agnes, uniq_aizul
Orc:1:    layout_diamond_mine, gammafunk_ghost_necromancy, serial_shops,
          nicolae_square_shop
Orc:2:    grunt_orc_community_town_hall, layout_diamond_mine,
          grunt_orc_community_big_house_1, grunt_orc_community_big_house_2,
          grunt_orc_community_house_1, grunt_orc_community_house_3,
          grunt_orc_community_house_3, grunt_orc_community_house_3,
          grunt_orc_community_house_1, grunt_orc_community_house_1,
          serial_shops, shop, bloody_makhleb

Skill      XL: |  1  2  3  4  5  6  7  8  9 10 11 12 13 14 15 16 17 |
---------------+----------------------------------------------------+-----
Axes           | 2 3 4 5 6 7 8 9 10 11 13 14 16 17 18 | 18.0
Fighting       | 4 5 7 8 9 10 11 12 13 | 13.0
Dodging        | 1 2 3 |  3.5
Throwing       | 1 2 4 5 7 |  7.0
Invocations    | 1 4 6 9 10 | 10.0
Armour         | 5 6 7 8 9 10 11 12 13 | 13.0
Shields        | 4 5 6 7 8 11 16 17 | 17.7

Action                   |  1- 3 |  4- 6 |  7- 9 | 10-12 | 13-15 | 16-18 || total
-------------------------+-------+-------+-------+-------+-------+-------++-------
Melee: War axe           |   101 |   125 |   310 |   484 |   224 |       ||  1244
       Demon whip        |       |       |       |     4 |    32 |       ||    36
       Broad axe         |       |       |       |       |   833 |  1078 ||  1911
Throw: Boomerang         |       |       |    35 |    96 |   114 |    53 ||   298
       Javelin           |       |       |       |       |    39 |    15 ||    54
Invok: Heroism           |       |       |    20 |    27 |    52 |    37 ||   136
       Finesse           |       |       |       |     3 |    12 |     7 ||    22
  Use: Scroll            |     4 |     8 |     8 |     9 |     7 |    12 ||    48
       Potion            |     1 |     5 |     5 |     3 |     1 |     3 ||    18
 Stab: Distracted        |       |       |       |       |     2 |       ||     2
Armor: Scale mail        |    44 |    50 |    16 |       |       |       ||   110
       Chain mail        |       |       |    17 |       |       |    19 ||    36
       Plate armour      |       |       |   155 |   230 |   487 |   358 ||  1230
Dodge: Dodged            |    38 |    52 |    84 |   113 |   269 |   168 ||   724
Block: Buckler           |    15 |    29 |   138 |   193 |   345 |       ||   720
       Kite shield       |       |       |       |       |    68 |    47 ||   115
       Tower shield      |       |       |       |       |       |  1020 ||  1020

Table legend:
 A = Non-vault XP
 B = Vault XP
 C = Vault XP percentage of total XP
 D = Non-vault monster count
 E = Vault monster count
 F = Vault count percentage of total count
                 A         B        C        D         E       F
            +---------+---------+-------+---------+---------+-------
      Total |  172637 |   73542 |  29.9 |     636 |     259 |  28.9
            +---------+---------+-------+---------+---------+-------
        D:1 |      44 |       7 |  13.7 |      26 |       4 |  13.3
        D:2 |      67 |      35 |  34.3 |      17 |       1 |   5.6
        D:3 |      56 |     214 |  79.3 |      10 |       1 |   9.1
        D:4 |     256 |       0 |   0.0 |      17 |       0 |   0.0
        D:5 |     412 |       0 |   0.0 |      25 |       0 |   0.0
        D:6 |     787 |    1428 |  64.5 |      13 |      10 |  43.5
        D:7 |    1370 |       4 |   0.3 |      41 |       2 |   4.7
        D:8 |     531 |       0 |   0.0 |      13 |       0 |   0.0
        D:9 |    4906 |    5724 |  53.8 |      34 |      14 |  29.2
       D:10 |     256 |       0 |   0.0 |       3 |       0 |   0.0
       D:11 |    3364 |     461 |  12.1 |      23 |       1 |   4.2
       D:12 |    3038 |    8028 |  72.5 |      12 |      13 |  52.0
       D:13 |    9886 |    6379 |  39.2 |      21 |      35 |  62.5
       D:14 |   14756 |    1399 |   8.7 |      35 |       1 |   2.8
       D:15 |   15106 |    8438 |  35.8 |      23 |      11 |  32.4
     Lair:1 |    6159 |     425 |   6.5 |      27 |       1 |   3.6
     Lair:2 |    5751 |     419 |   6.8 |      22 |       5 |  18.5
     Lair:3 |    3546 |    1363 |  27.8 |      12 |      12 |  50.0
     Lair:4 |    5352 |     840 |  13.6 |      18 |       3 |  14.3
     Lair:5 |   16008 |   13385 |  45.5 |      46 |      54 |  54.0
   Shoals:1 |   12892 |       0 |   0.0 |      24 |       0 |   0.0
   Shoals:2 |   22973 |       0 |   0.0 |      42 |       0 |   0.0
   Shoals:3 |    4137 |     466 |  10.1 |       8 |       1 |  11.1
    Snake:1 |   19528 |    3468 |  15.1 |      37 |       5 |  11.9
    Snake:2 |   11792 |       0 |   0.0 |      25 |       0 |   0.0
    Snake:3 |    7158 |   10601 |  59.7 |      20 |      12 |  37.5
      Orc:1 |    1989 |       0 |   0.0 |      32 |       0 |   0.0
      Orc:2 |     517 |   10458 |  95.3 |      10 |      73 |  88.0
            +---------+---------+-------+---------+---------+-------
